 Dungeon Crawl Stone Soup version 0.31-a0-43-g46d131a48f (webtiles) character file.

Game seed: 11485690709274817411

3386 IdlyInterested the Reanimator (level 9, -9/69 HPs)
             Began as a Demonspawn Wanderer on May 18, 2023.
             Was an Initiate of Hepliaklqana.
             Killed from afar by an acid dragon (34 damage)
             ... with a splash of acid
             ... on level 9 of the Dungeon.
             The game lasted 00:40:13 (8948 turns).

IdlyInterested the Reanimator (Demonspawn Wanderer) Turns: 8948, Time: 00:40:13

Health: -9/69      AC:  5    Str:  7    XL:     9   Next: 74%
Magic:  18/18      EV: 12    Int: 15    God:    Hepliaklqana [......]
Gold:   179        SH:  5    Dex: 21    Spells: 16/20 levels left

rFire   . . .        j - +1 dagger (pain)
rCold   . . .        z - orb {mayhem}
rNeg    + + .        g - +1 robe "Ajekhluf" {rElec rN++ Str-4 Dex+4}
rPois   +            I - +0 helmet
rElec   +            F - +1 cloak {rPois}
rCorr   .            q - +0 pair of gloves
SInv    .            (no boots)
Will    .....        k - amulet of reflection
Stlth   +++          h - +4 ring of protection
HPRegen 0.31/turn    s - ring of wizardry
MPRegen 0.16/turn

%: mayhem, reflection, wizardry (x1)
@: corroded
A: yellow scales 1, demonic guardian 1, powered by pain 3
a: Renounce Religion


You were on level 9 of the Dungeon.
You worshipped Hepliaklqana.
Hepliaklqana was noncommittal.
You visited 2 branches of the dungeon, and saw 10 of its levels.

You collected 487 gold pieces.
You spent 308 gold pieces at shops.

Inventory:

Hand Weapons
 j - a +1 dagger of pain (weapon)
 u - the +5 woodcutter's axe
   (You found it on level 2 of the Dungeon)
 v - the +6 whip of Ignis's Hope {vamp, Will+ Int+2 Dex-3}
   (You found it on level 5 of the Dungeon)

   Int:       It affects your intelligence (+2).
   Dex:       It affects your dexterity (-3).
   Will:      It increases your willpower.
 J - a +0 scimitar
 R - a +0 rapier of venom
 T - a +0 rapier
Missiles
 d - 77 stones
 w - 2 atropa-tipped darts
 A - 3 curare-tipped darts
 B - 3 boomerangs
 C - 3 throwing nets
 D - 20 poisoned darts
Armour
 g - the +1 robe "Ajekhluf" (worn) {rElec rN++ Str-4 Dex+4}
   (You found it on level 7 of the Dungeon)

   Str:       It affects your strength (-4).
   Dex:       It affects your dexterity (+4).
   rElec:     It insulates you from electricity.
   rN:        It greatly protects you from negative energy.
 m - the +0 leather armour of Pozymp {rF- rN+++ Will- Regen+}
   (You found it on level 8 of the Dungeon)

   rF:        It makes you vulnerable to fire.
   rN:        It renders you almost immune to negative energy.
   Regen:     It increases your rate of health regeneration.
   Will:      It decreases your willpower.
 n - a +0 scale mail of cold resistance
 q - a +0 pair of gloves (worn)
 z - an orb of mayhem (worn)
 F - a +1 cloak of poison resistance (worn)
 I - a +0 helmet (worn)
 M - a +0 buckler
Jewellery
 h - a +4 ring of protection (left hand)
 k - an amulet of reflection (around neck)
 s - a ring of wizardry (right hand)
Wands
 E - a wand of roots (37)
Scrolls
 l - a scroll of vulnerability
 o - a scroll of blinking {unknown}
 p - 2 scrolls of immolation
 r - 3 scrolls of magic mapping
 x - 2 scrolls of poison
 y - 3 scrolls of amnesia
 G - a scroll of teleportation
 K - a scroll of enchant armour {unknown}
 N - a scroll of noise {unknown}
 Q - 2 scrolls of fear
Potions
 a - 6 potions of curing
 b - 2 potions of attraction
 c - a potion of resistance {unknown}
 e - a potion of brilliance
 f - a potion of mutation {unknown}
 t - 2 potions of lignification
 H - a potion of cancellation
 L - 3 potions of heal wounds
 O - a potion of invisibility
 P - a potion of haste
 S - a potion of ambrosia
Miscellaneous
 i - a piece from Xom's chessboard (15/15)


   Skills:
 + Level 6.0 Fighting
 - Level 4.0 Short Blades
 - Level 1.0 Throwing
 - Level 4.0 Armour
 - Level 1.0 Dodging
 + Level 3.8 Stealth
 - Level 1.0 Shields
 - Level 6.0 Spellcasting
 * Level 9.6 Necromancy
 - Level 1.0 Evocations


You had 16 spell levels left.
You knew the following spells:

 Your Spells              Type           Power      Damage    Failure   Level
a - Necrotise             Necr           100%       1d9       1%          1
b - Vampiric Draining     Necr           33%        2d8       1%          3

Your spell library contained the following spells:

 Spells                   Type           Power      Damage    Failure   Level
 Poisonous Vapours        Pois/Air       8%         N/A       9%          2
 Mephitic Cloud           Conj/Pois/Air  4%         N/A       17%         3
 Freezing Cloud           Conj/Ice/Air   2%         6-21      82%         5


Dungeon Overview and Level Annotations

Branches:
Dungeon (9/15)             Temple (1/1) D:7
   Lair: D:8-11         Orc: D:9-12

Altars:
Ashenzari
Dithmenos
Fedhas
Hepliaklqana
Kikubaaqudgha
Makhleb
Nemelex Xobeh
Qazlal
Ru
Sif Muna
Trog
Uskayaw
Vehumet
Xom
Yredelemnul

Shops:
D:2 :   D:6 !   D:8 :


Innate Abilities, Weirdness & Mutations

You are partially covered in yellow scales. (AC +2)
A weak demonic guardian rushes to your aid.
You are powered by pain.


Message History

a +0 short sword; a +0 chain mail; an orc corpse You see here a +0 trident of venom.
You swap places.
Things that are here:
a +0 short sword; a +0 chain mail; an orc corpse
Things that are here:
a +0 flail; an orc corpse Magic restored.
Your orc skeleton crumbles into dust!
An acid dragon comes into view.
Found a shiny orb.
The acid dragon roars!
The acid dragon spits acid at you. The splash of acid hits you!!
A demonic guardian appears!
The acid corrodes you! You block the acid dragon's attack.
The acid dragon claws you but does no damage.
You hit the acid dragon but do no damage.
The acid dragon writhes in agony.
The acid dragon is lightly wounded.
The acid dragon barely misses you. The acid dragon claws you.
Your iron imp barely misses the acid dragon.
You barely miss the acid dragon.
The acid dragon is lightly wounded.
The acid dragon bites you. The acid dragon misses you.
You closely miss the acid dragon.
The acid dragon is lightly wounded.
Your iron imp closely misses the acid dragon.
You hit the acid dragon but do no damage.
The acid dragon writhes in agony.
The acid dragon is moderately wounded.
The acid dragon spits acid at you. The splash of acid hits you!!
The acid corrodes you!
You hear a shout!
You hit the acid dragon but do no damage.
The acid dragon is moderately wounded.
Your iron imp hits the acid dragon!
The acid dragon spits acid at you. The splash of acid hits you!!
You die...

#.#..#.).#..#
#.#.)#.###..#
#.#..)))....#
#######.####.####.#
[.................#
######.####.######
#..# #.# ≈≈≈ #..#
#.# .. #5@# #.# ..
#...D# #.#
#.##.....##.# #.#
#....#### #.# #.#
..# #.#
#######.########.#
.......<.........#
###....###########
#.##.


You could see an acid dragon (catching breath, ally target) and a friendly iron
imp (summoned).

Vanquished Creatures
  Sigmund (D:4)
  Eustachio (D:5)
  2 water moccasins
  3 orc warriors
  2 sky beasts
  An ice beast (D:5)
  A black bear (D:5)
  An ogre (D:7)
  3 centaurs
  A scorpion (D:5)
  3 bullfrogs
  2 gnoll sergeants (D:6)
  4 wights (D:8)
  3 howler monkeys (D:7)
  3 hounds
  2 jellies
  A gnoll bouda (D:8)
  4 orc priests
  Crazy Yiuf (D:3)
  2 sleepcaps
  2 iguanas
  9 orc wizards
  Robin (D:4)
  8 adders
  8 gnolls
  2 white imps
  An ufetubus (D:5)
  2 worms (D:2)
  2 dart slugs
  27 orcs
  5 ball pythons
  3 endoplasms
  8 giant cockroaches
  8 hobgoblins
  6 jackals
  4 quokkas
  4 bats
  7 frilled lizards
  11 goblins
  7 kobolds
  8 rats
  2 butterflies (D:7)
176 creatures vanquished.

Vanquished Creatures (collateral kills)
  Menkaure (D:4)
  An orc priest (D:5)
  A jelly (D:6)
  An iguana (D:5)
  6 gnolls
  7 orcs
  A ball python (D:4)
  A hobgoblin (D:4)
  2 jackals (D:3)
  A bat (D:2)
  3 goblins (D:4)
25 creatures vanquished.

Vanquished Creatures (others)
  A gnoll (D:8)
  A hobgoblin (D:4)
  A kobold (D:4)
3 creatures vanquished.

Grand Total: 204 creatures vanquished

Notes
Turn   | Place    | Note
-------+----------+-------------------------------------------
     0 | D:1      | IdlyInterested the Demonspawn Wanderer began the quest for
                  | the Orb.
     0 | D:1      | IdlyInterested set off with the following items: a +0
                  | dagger, 2 potions of attraction, a +2 scale mail; and the
                  | following spell memorised: Necrotise; and the following
                  | spells available to memorise: Vampiric Draining.
     0 | D:1      | Reached XP level 1. HP: 15/15 MP: 2/2
   146 | D:1      | Gained mutation: A weak demonic guardian rushes to your
                  | aid. [demonic ancestry]
   146 | D:1      | Reached XP level 2. HP: 14/22 MP: 3/3
   431 | D:1      | Reached XP level 3. HP: 26/27 MP: 2/4
   769 | D:2      | Found Nomiw's Book Boutique.
   921 | D:2      | Found the +5 woodcutter's axe
  1241 | D:2      | Gained mutation: You sometimes gain a little power by
                  | taking damage. [demonic ancestry]
  1241 | D:2      | Reached XP level 4. HP: 33/33 MP: 7/7
  1477 | D:3      | Reached skill level 4 in Necromancy
  1680 | D:3      | Found a faded altar of an unknown god.
  2002 | D:3      | Reached skill level 1 in Dodging
  2099 | D:3      | Found a runed translucent door.
  2100 | D:3      | Noticed Crazy Yiuf
  2189 | D:3      | Killed Crazy Yiuf
  2190 | D:3      | Reached XP level 5. HP: 29/40 MP: 8/8
  2344 | D:4      | Noticed Menkaure
  2344 | D:4      | Noticed Sigmund
  2352 | D:4      | Noticed Robin
  2352 | D:4      | You fall into a shaft and drop 3 floors!
  2442 | D:7      | Found a staircase to the Ecumenical Temple.
  2451 | Temple   | Entered the Ecumenical Temple
  2566 | D:7      | Noticed a centaur
  2584 | D:7      | Killed a centaur
  2585 | D:7      | Reached skill level 1 in Evocations
  2755 | D:6      | Found Gabref's Distillery.
  2761 | D:6      | Gained mutation: You sometimes gain power by taking damage.
                  | [demonic ancestry]
  2761 | D:6      | Reached XP level 6. HP: 47/47 MP: 5/10
  2768 | D:6      | Reached skill level 1 in Throwing
  2824 | D:6      | Bought a potion of curing for 42 gold pieces
  2824 | D:6      | Bought a potion of haste for 140 gold pieces
  2851 | D:5      | Entered Level 5 of the Dungeon
  2877 | D:5      | Reached skill level 5 in Necromancy
  3080 | D:5      | Noticed an orc warrior
  3105 | D:5      | Killed an orc warrior
  3106 | D:5      | Reached XP level 7. HP: 45/54 MP: 11/11
  3141 | D:5      | Found a basalt altar of Yredelemnul.
  3179 | D:4      | Killed Robin
  3184 | D:4      | Killed Menkaure
  3188 | D:4      | Reached skill level 1 in Short Blades
  3188 | D:4      | Killed Sigmund
  3198 | D:4      | Reached skill level 6 in Necromancy
  3429 | D:4      | Learned a level 3 spell: Vampiric Draining
  3434 | D:4      | Found a blossoming altar of Fedhas.
  3548 | D:4      | Found a shadowy altar of Dithmenos.
  3887 | D:5      | Found a sparkling altar of Nemelex Xobeh.
  3913 | D:5      | Identified the +6 whip of Ignis's Hope {vamp, Will+ Int+2
                  | Dex-3}
  3967 | D:5      | Gained mutation: You are powered by pain. [demonic
                  | ancestry]
  3967 | D:5      | Reached XP level 8. HP: 60/60 MP: 12/15
  4041 | D:5      | Reached skill level 1 in Shields
  4085 | D:5      | Found a burning altar of Makhleb.
  4118 | D:5      | Reached skill level 5 in Spellcasting
  4135 | D:5      | Noticed Eustachio
  4163 | D:5      | Killed Eustachio
  4164 | D:5      | Reached skill level 7 in Necromancy
  4409 | D:5      | Reached skill level 5 in Fighting
  5191 | D:6      | Found an ancient bone altar of Kikubaaqudgha.
  5208 | D:6      | Found a sacrificial altar of Ru.
  5642 | D:6      | Found a hazy altar of Hepliaklqana.
  5659 | D:6      | Found a faded altar of an unknown god.
  5825 | D:6      | Bought a potion of flight for 42 gold pieces
  5825 | D:6      | Bought a potion of curing for 42 gold pieces
  5825 | D:6      | Bought a potion of curing for 42 gold pieces
  6014 | D:7      | Gained mutation: You are partially covered in yellow
                  | scales. (AC +2) [demonic ancestry]
  6014 | D:7      | Reached XP level 9. HP: 69/69 MP: 16/16
  6091 | D:7      | Reached skill level 8 in Necromancy
  6094 | D:7      | Identified the +1 robe "Ajekhluf" {rElec rN++ Str-4 Dex+4}
  6386 | D:7      | Found a shimmering altar of Xom.
  6780 | D:6      | Became a worshipper of Hepliaklqana the Forgotten
  7020 | D:8      | Identified the +0 leather armour of Pozymp {rF- rN+++ Will-
                  | Regen+}
  7514 | D:8      | Found a stormy altar of Qazlal.
  7533 | D:8      | Reached skill level 9 in Necromancy
  7552 | D:8      | Found Rusais's Book Boutique.
  8948 | D:9      | Killed from afar by an acid dragon

Illustrated notes

Levels and vault maps discovered:
D:1:      dpeg_arrival_pond, layout_rooms
D:2:      layout_loops_ring, serial_shops, nicolae_shop_just_a_little_nook,
          corexii_leaking_fountain
D:3:      layout_loops_ring, shapermc_ecumenical_altar_mp_ritualfount,
          minivault_25, uniq_crazy_yiuf_cottage
D:4:      layout_rooms, kennysheep_mini,
          mainiacjoe_overflow_concentric_impassable, kennysheep_pointless_box,
          uniq_menkaure, uniq_sigmund, uniq_robin
D:5:      layout_loops_ring, nicolae_overflow_crystal_walls,
          general_overflow_altar, marbit_many_paths,
          chequers_serial_rivers_large_a, corexii_checkpoint_a, uniq_eustachio
D:6:      layout_gridville, beargit_hepliaklqana_dungeon_heroes,
          mainiacjoe_overflow_alcove_1, nicolae_ru_the_path_less_chosen,
          chequers_jeans, hangedman_abyss_or_decor_passed,
          nicolae_stop_n_shop_1, nrook_mini_backslash
D:7:      layout_cave_pools, elyvilon_altar_5, xom_butterflies,
          lemuel_temple_firewalk_a, kennysheep_another_room
D:8:      layout_layer_cave, nicolae_qazlal_beasts_of_the_sky, serial_shops,
          nicolae_book_shop_shelving, minmay_misc_feat_x,
          hangedman_decor_diamond_cutter
D:9:      layout_basic, nicolae_gozag_cash_rules_everything_around_me,
          david_lair_generic, chequers_serial_rivers_micro_e
Temple:   nicolae_temple_great_sept

Skill      XL: |  1  2  3  4  5  6  7  8  9 |
---------------+----------------------------+-----
Fighting       | 2 3 4 6 |  6.0
Armour         | 4 |  4.0
Spellcasting   | 2 3 4 5 6 |  6.0
Necromancy     | 4 5 6 7 9 |  9.6
Dodging        | 1 |  1.0
Evocations     | 1 |  1.0
Throwing       | 1 |  1.0
Stealth        | 2 3 |  3.8
Short Blades   | 2 3 4 |  4.0
Shields        | 1 |  1.0

Action                     |  1- 3 |  4- 6 |  7- 9 || total
---------------------------+-------+-------+-------++-------
  Melee: Short sword       |    36 |       |       ||    36
         Dagger            |    96 |   125 |   339 ||   560
  Throw: Dart              |       |     4 |     5 ||     9
         Stone             |       |     2 |       ||     2
   Cast: Necrotise         |     8 |    35 |   103 ||   146
         Vampiric Draining |       |       |     5 ||     5
  Evoke: Wand              |       |     3 |     1 ||     4
    Use: Scroll            |       |     1 |    11 ||    12
         Potion            |       |       |     4 ||     4
   Stab: Distracted        |       |     1 |     4 ||     5
         Sleeping          |       |       |     6 ||     6
 Armour: Scale mail        |    57 |    73 |    85 ||   215
         Robe              |       |       |    40 ||    40
  Dodge: Dodged            |    48 |    75 |   163 ||   286
  Block: Other             |    18 |     2 |       ||    20
         Orb               |       |    33 |    78 ||   111
         Reflection        |       |     1 |     3 ||     4

Table legend: (Time is in decaauts)
 A = Elapsed time spent in this place.
 B = Non-inter-level travel time spent in this place.
 C = Inter-level travel time spent in this place.
 D = Time resting spent in this place.
 E = Time spent auto-exploring this place.
 F = Levels seen in this place.
 G = Mean time per level.
                   A        B        C        D        E       F      G
               +--------+--------+--------+--------+--------+-----+--------+
         Total |   8889 |   7569 |   1320 |    898 |   4495 |  10 |  888.9 |
       Dungeon |   8789 |   7473 |   1316 |    898 |   4429 |   9 |  976.6 |
        Temple |     99 |     95 |      4 |      0 |     66 |   1 |   99.0 |
               +--------+--------+--------+--------+--------+-----+--------+

Top non-repeatable levels by time:
     D:8: 1973 daAuts
     D:5: 1576 daAuts
     D:6: 1235 daAuts
     D:7: 917 daAuts
     D:3: 894 daAuts
     D:2: 772 daAuts
     D:1: 713 daAuts
     D:4: 653 daAuts
  Temple: 99 daAuts
     D:9: 54 daAuts
